 Dungeon Crawl Stone Soup version 0.24.0-1-gfbc8707122 (webtiles) character file.

Game seed: 16352894243189770696, levelgen mode: deterministic

902 Shavain the Chucker (level 8, -4/80 HPs)
             Began as an Ogre Hunter on Oct 27, 2019.
             Slain by a killer bee (6 damage)
             ... on level 8 of the Dungeon.
             The game lasted 00:25:43 (6968 turns).

Shavain the Chucker (Ogre Hunter)                   Turns: 6968, Time: 00:25:43

Health: -4/80      AC:  3    Str: 17    XL:     8   Next: 7%
Magic:  8/8        EV: 11    Int: 12    God:
Gold:   193        SH:  0    Dex: 11    Spells: 7/7 levels left

rFire    + + .     SeeInvis .   g - +3 quarterstaff
rCold    . . .     Gourm    .   (shield currently unavailable)
rNeg     . . .     Faith    .   b - +0 robe
rPois    .         Spirit   .   (helmet restricted)
rElec    .         Reflect  .   (no cloak)
rCorr    .         Harm     +   (gloves unavailable)
MR       .....                  (boots unavailable)
Stlth    +.........             x - amulet of harm
HPRegen  0.23/turn              k - ring of protection from fire
MPRegen  0.11/turn              l - ring of protection from fire

@: lethally poisoned (-4 -> -18)
A: large, unfitting armour, tough skin 1
a: no special abilities


You were on level 8 of the Dungeon.
You were not hungry.

You visited 1 branch of the dungeon, and saw 6 of its levels.

You collected 193 gold pieces.

Inventory:

Hand Weapons
 g - a +3 quarterstaff (weapon)
 u - a +0 mace
 C - a +0 morningstar
 E - a +0 giant spiked club
Missiles
 c - 5 large rocks
 d - 2 throwing nets
 e - 62 stones (quivered)
 q - 7 boomerangs
Armour
 b - a +0 robe (worn)
 v - a +0 shield
Jewellery
 k - a ring of protection from fire (left hand)
 l - a ring of protection from fire (right hand)
 w - an uncursed ring of magical power
 x - an amulet of harm (around neck)
 z - a cursed ring of magical power
 D - an uncursed amulet of the gourmand
Wands
 a - a wand of iceblast (11)
 h - a wand of flame (18)
 y - a wand of acid (10)
Scrolls
 i - 5 scrolls of identify {unknown}
 m - a scroll of enchant weapon {unknown}
 n - a scroll of enchant armour {unknown}
 o - a scroll of blinking {unknown}
 p - 3 scrolls of teleportation
 s - 2 scrolls of fear {unknown}
 t - a scroll of immolation {unknown}
Potions
 j - a potion of curing {unknown}
 r - a potion of brilliance {unknown}
 B - a potion of resistance
Comestibles
 f - 9 rations


   Skills:
 + Level 5.3 Fighting
 + Level 2.9 Maces & Flails
 * Level 6.5 Throwing
 + Level 3.7 Dodging
 - Level 0.6 Stealth
 * Level 3.1 Shields


You had 7 spell levels left.
You didn't know any spells.
Your spell library was empty.

Dungeon Overview and Level Annotations

Branches:
Dungeon (5/15)
 Temple: D:4-7

Altars:
Ru
Uskayaw
Wu Jian
Xom
The Shining One

Shops:
D:4 ![*

Annotations:
D:3 2 transporters


Innate Abilities, Weirdness & Mutations

You are too large for most types of armour.
You have tough skin. (AC +1)


Message History

The killer bee poisons you!
A quasit comes into view.
The killer bee misses you. The killer bee stings you.
Found 16 gold pieces.
Found a shimmering altar of Xom.
You closely miss the killer bee.
You feel sick.
The killer bee closely misses you. x2; The killer bee stings you.
* * * LOW HITPOINT WARNING * * *
The orc priest calls down the wrath of Beogh upon you.
Beogh smites you!
* * * LOW HITPOINT WARNING * * *
The killer bee closely misses you. The killer bee misses you.
The killer bee stings you.
* * * LOW HITPOINT WARNING * * *
The crimson imp hits you but does no damage.
The killer bee stings you.
* * * LOW HITPOINT WARNING * * *
Unknown command.
* * * LOW HITPOINT WARNING * * *
You feel sick. The killer bee closely misses you. The killer bee stings you.
You die...

.#._.#......b..
(#...#...._.....
##..............
.........5..[...
#.#....5...$..
#.............
#.........###..
##....@y.../...
###..o..y...#...
#####..o....y.5##
###............#..#
.....o...o%##..#$.J.J
.........o.##.........
...........#...........
...........##..........
#......#.).#..>........


You could see a jelly, 3 killer bees, a +0 hand axe, an orc priest, a quasit, 2
crimson imps and 3 orcs.

Vanquished Creatures
  An ice beast (D:5)
  An ogre (D:5)
  A bullfrog (D:3)
  3 crimson imps
  2 hounds (D:4)
  4 orc priests (D:4)
  2 orc wizards (D:4)
  2 worker ants (D:4)
  4 gnolls (D:4)
  6 adders
  A shadow imp (D:5)
  3 oozes
  7 worms
  A dart slug (D:3)
  3 leopard geckos
  34 orcs
  7 bats
  4 giant cockroaches
  11 goblins
  5 hobgoblins
  9 jackals
  2 quokkas
  3 ball pythons
  6 frilled lizards
  9 kobolds
  5 rats
136 creatures vanquished.

Notes
Turn   | Place    | Note
-------+----------+-------------------------------------------
     0 | D:1      | Shavain the Ogre Hunter began the quest for the Orb.
     0 | D:1      | Reached XP level 1. HP: 22/22 MP: 1/1
   170 | D:1      | Reached XP level 2. HP: 30/31 MP: 2/2
   975 | D:1      | Reached XP level 3. HP: 37/37 MP: 3/3
  1960 | D:2      | Reached skill level 1 in Maces & Flails
  2199 | D:2      | Reached XP level 4. HP: 45/45 MP: 4/4
  2733 | D:2      | Found a glowing golden altar of the Shining One.
  3280 | D:3      | Noticed a bullfrog
  3289 | D:3      | Killed a bullfrog
  3289 | D:3      | Reached skill level 5 in Throwing
  3289 | D:3      | Reached XP level 5. HP: 38/54 MP: 5/5
  3508 | D:3      | Noticed a two-headed ogre
  3513 | D:3      | Noticed a sky beast
  3518 | D:3      | Found an ornate altar of the Wu Jian Council.
  3583 | D:3      | Found a transporter.
  3589 | D:3      | Found a transporter.
  3921 | D:3      | Reached XP level 6. HP: 43/63 MP: 6/6
  4156 | D:3      | Found a sacrificial altar of Ru.
  4450 | D:4      | Found Lerghuwyo's Distillery.
  4500 | D:4      | Reached skill level 1 in Shields
  4688 | D:4      | Found Xokumu's Antique Armour Boutique.
  5145 | D:4      | Reached XP level 7. HP: 31/71 MP: 7/7
  5879 | D:4      | Reached skill level 6 in Throwing
  5946 | D:5      | Entered Level 5 of the Dungeon
  6373 | D:5      | Reached skill level 5 in Fighting
  6570 | D:4      | Reached XP level 8. HP: 80/80 MP: 8/8
  6635 | D:4      | Found Lelol's General Store.
  6958 | D:5      | You fall into a shaft and drop 3 floors!
  6966 | D:8      | Found a shimmering altar of Xom.
  6967 | D:8      | HP: 2/80 [killer bee (3)]
  6968 | D:8      | Found a hide-covered altar of Uskayaw.
  6968 | D:8      | Noticed a +0 hand axe
  6968 | D:8      | Slain by a killer bee

Levels and vault maps discovered:
D:1:      evilmike_arrival_run_for_it, layout_basic
D:2:      layout_basic, nicolae_overflow_crystal_walls
D:3:      layout_basic, gammafunk_temple_overflow_arena,
          nicolae_ru_path_of_blood
D:4:      layout_gridville, first_ration, serial_shops, shop,
          kennysheep_mini_moat, nicolae_shop_waterfront
D:5:      layout_basic, minitemple, minmay_temple_entry_statues_fountains
D:8:      layout_cave_pools, dancing_weapons_uskayaw, xom_butterflies,
          david_lair_shrubbed, grunt_ogre_cave, minmay_misc_feat_columns

Skill      XL: |  1  2  3  4  5  6  7 |
---------------+----------------------+-----
Fighting       | 3 4 5 |  5.3
Dodging        | 2 3 |  3.7
Maces & Flails | 1 2 |  2.9
Throwing       | 5 6 |  6.5
Shields        | 1 3 |  3.1
Stealth        | |  0.6

Action                   |  1- 3 |  4- 6 |  7- 9 || total
-------------------------+-------+-------+-------++-------
Melee: Short sword       |    38 |     4 |       ||    42
       Mace              |       |    83 |    20 ||   103
       Quarterstaff      |       |       |    26 ||    26
Throw: Stone             |   163 |   294 |    84 ||   541
       Large rock        |     3 |       |       ||     3
       Boomerang         |       |    31 |    42 ||    73
  Use: Scroll            |       |     2 |       ||     2
       Potion            |       |       |     1 ||     1
  Eat: Chunk             |     4 |     9 |     2 ||    15
       Ration            |       |       |     1 ||     1
Armor: Robe              |    16 |    36 |    12 ||    64
Dodge: Dodged            |    41 |   107 |    36 ||   184
Block: Shield            |       |       |     6 ||     6
